 Dungeon Crawl Stone Soup version 0.28-a0-1236-gb25a51b929 (webtiles) character file.

Game seed: 13548724735594336277

27849 agentchuck the Grappler (level 13, 131/131 HPs)
             Began as a Troll Fighter on June 18, 2021.
             Was the Champion of Okawaru.
             Quit the game on level 14 of the Dungeon on Dec 25, 2021.
             The game lasted 00:42:06 (11574 turns).

agentchuck the Grappler (Troll Fighter)            Turns: 11574, Time: 00:42:07

Health: 131/131    AC: 15    Str: 33    XL:     13   Next: 6%
Magic:  17/17      EV: 13    Int:  4    God:    Okawaru [******]
Gold:   1784       SH: 14    Dex: 12    Spells: 12/12 levels left

rFire   . . .      SeeInvis .     - Unarmed
rCold   . . .      Faith    .   b - +0 kite shield
rNeg    + . .      Spirit   .   u - +0 acid dragon scales
rPois   .          Reflect  +   Q - +1 hat {Stlth+}
rElec   .          Harm     .   H - +0 cloak
rCorr   +          Rampage  .   (gloves unavailable)
Will    .....                   (boots unavailable)
Stlth   ++........              x - amulet of reflection
HPRegen 1.11/turn               V - ring "Ymaifrim" {rN+ EV+4 Str+5}
MPRegen 0.15/turn               O - +4 ring of protection

@: no status effects
A: large, unfitting armour, claws 3, regeneration 1, shaggy fur 1, tough skin 1
a: Renounce Religion, Heroism, Finesse, Duel


You were on level 14 of the Dungeon.
You worshipped Okawaru.
Okawaru was exalted by your worship.
You visited 1 branch of the dungeon, and saw 14 of its levels.
You also visited: Bailey.

You collected 1784 gold pieces.


Innate Abilities, Weirdness & Mutations

You are too large for most types of armour.
You have claws for hands.
Your natural rate of healing is unusually fast.
You are covered in fur. (AC +1)
You have tough skin. (AC +1)


   Skills:
 + Level 9.0 Fighting
 + Level 3.1 Throwing
 + Level 5.8 Armour
 - Level 2.4 Dodging
 - Level 6.6 Shields
 + Level 14.0 Unarmed Combat
 + Level 7.6 Invocations
 - Level 3.2 Evocations


You had 12 spell levels left.
You didn't know any spells.
Your spell library contained the following spells:

 Spells                   Type           Power      Damage    Failure   Level
 Apportation              Tloc           0%         N/A       73%         1
 Beastly Appendage        Tmut           0%         N/A       73%         1
 Corona                   Hex            0%         N/A       73%         1
 Freeze                   Ice            0%         1d3       73%         1
 Magic Dart               Conj           0%         1d3       73%         1
 Ensorcelled Hibernation  Hex/Ice        0%         N/A       86%         2
 Searing Ray              Conj           0%         2d4       86%         2
 Wereblood                Tmut           0%         N/A       86%         2
 Confusing Touch          Hex            0%         N/A       97%         3
 Dazzling Flash           Conj/Hex       0%         N/A       97%         3
 Frozen Ramparts          Ice            0%         1d2       97%         3
 Ozocubu's Armour         Ice            0%         N/A       97%         3
 Spider Form              Tmut/Pois      0%         N/A       97%         3
 Fulminant Prism          Conj/Hex       0%         3d6       100%        4
 Hailstorm                Conj/Ice       0%         3d3       100%        4
 Ice Form                 Ice/Tmut       0%         N/A       100%        4
 Iskenderun's Mystic Bla  Conj/Tloc      0%         2d3       100%        4
 Metabolic Englaciation   Hex/Ice        0%         N/A       100%        5
 Silence                  Hex/Air        0%         N/A       100%        5
 Conjure Ball Lightning   Conj/Air       0%         3x3d6     100%        6
 Storm Form               Tmut/Air       0%         N/A       100%        7
 Animate Skeleton         Necr           Unusable   N/A       N/A         1
 Summon Small Mammal      Summ           Unusable   N/A       N/A         1
 Tukima's Dance           Hex            Unusable   N/A       N/A         3
 Summon Lightning Spire   Summ/Air       Unusable   N/A       N/A         4

Inventory:

Hand Weapons
 w - a +2 scimitar of flaming
Missiles
 f - 65 boomerangs (quivered)
 k - 7 silver javelins
 r - 31 poisoned darts
 z - 4 boomerangs of dispersal {=f}
 B - a throwing net {=f}
 E - 9 javelins
 J - 10 large rocks {=f}
 S - 5 curare-tipped darts {=f}
Armour
 a - +0 steam dragon scales
 b - a +0 kite shield (worn)
 u - +0 acid dragon scales (worn)
 H - a +0 cloak (worn)
 Q - a +1 hat of stealth (worn)
Magical Staves
 W - a staff of air
Jewellery
 x - an amulet of reflection (around neck)
 C - a ring of ice
 F - a ring of fire
 L - a ring of flight
 O - a +4 ring of protection (right claw)
 P - a ring of poison resistance
 R - a ring of resist corrosion
 V - the ring "Ymaifrim" (left claw) {rN+ EV+4 Str+5}
   (You found it on level 12 of the Dungeon)

   [ring of evasion]

   EV:        It affects your evasion (+4).
   Str:       It affects your strength (+5).
   rN:        It protects you from negative energy.
Wands
 A - a wand of acid (5)
 I - a wand of polymorph (4)
 K - a wand of flame (18)
Scrolls
 g - a scroll of holy word
 i - 3 scrolls of vulnerability {!r}
 l - 3 scrolls of fog
 o - 2 scrolls of blinking
 s - a scroll of immolation {!r}
 y - 4 scrolls of magic mapping
 D - 5 scrolls of torment {!r}
 T - 2 scrolls of teleportation {@r4}
 U - a scroll of fear
Potions
 d - a potion of mutation {unknown}
 e - 3 potions of cancellation
 j - 2 potions of ambrosia {unknown}
 m - 2 potions of lignification {!q}
 n - a potion of berserk rage {unknown}
 p - 2 potions of invisibility
 q - 3 potions of attraction {!q}
 t - a potion of flight
 v - a potion of haste {unknown}
 G - a potion of heal wounds {unknown}
 M - 2 potions of curing {@q1}
Miscellaneous
 c - a piece from Xom's chessboard (15/15)
 h - a tin of tremorstones (2/2)
 Z - a box of beasts

Dungeon Overview and Level Annotations

Branches:
Dungeon (14/15)            Temple (0/1) D:5            Lair (0/6) D:11
    Orc (0/2) D:9          Vaults (0/5) D:13         Bailey (visited)

Altars:
Cheibriados
Elyvilon
Kikubaaqudgha
Nemelex Xobeh
Okawaru
Wu Jian
Yredelemnul
The Shining One

Annotations:
D:3 Grinder
D:9 exclusions: downstairs and obsidian statue
D:11 exclusion: downstairs
D:13 exclusion: downstairs

.## ..# ...#
###########...#
#............#
#............#
#...........#
########@####
##.# #..# ##.##
#..#
######'#####
#..........#
#..........#
#..........+


There were no monsters in sight!


Message History

You block the centaur warrior's attack. x2
You mangle the centaur warrior!!
The centaur warrior is heavily wounded.
The centaur warrior barely misses you.
The centaur warrior kicks you but does no damage.
You mangle the centaur warrior!!
The centaur warrior is severely wounded.
The centaur warrior closely misses you.
You block the centaur warrior's attack. x2
The centaur warrior misses you.
You mangle the centaur warrior!!
You kill the centaur warrior!
Okawaru accepts your kill.
Things that are here:
a +0 shortbow; 15 arrows; a centaur corpse
There is an open door here.
You close the door.
There is an open door here.
As you open the door, it creaks loudly!
There is an open door here.
You open the door.
Found 18 gold pieces.
There is an open door here.
You now have 1784 gold pieces (gained 18).
Saving game... please wait.
Options error: Bad object type '%}|\' for autopickup. (~/.crawlrc:1392)
Your Unarmed Combat skill increases to level 14!
Welcome back, agentchuck the Troll Fighter.
Okawaru says: Bring me glory in combat!
Press ? for a list of commands and other information.
Are you sure you want to abandon this character and quit the game? (Confirm with "yes".)

Skill      XL: |  1  2  3  4  5  6  7  8  9 10 11 12 13 |
---------------+----------------------------------------+-----
Unarmed Combat | 3 4 5 6 8 9 11 12 13 14 | 14.0
Shields        | 3 4 5 6 |  6.6
Fighting       | 3 4 5 6 7 8 9 |  9.0
Invocations    | 2 3 4 6 7 |  7.6
Armour         | 1 3 4 5 |  5.8
Evocations     | 1 3 |  3.2
Throwing       | 3 |  3.1
Dodging        | |  2.4

Action                   |  1- 3 |  4- 6 |  7- 9 | 10-12 | 13-15 || total
-------------------------+-------+-------+-------+-------+-------++-------
Melee: Unarmed           |   114 |   138 |   251 |   386 |    14 ||   903
       Bardiche          |       |       |       |    21 |       ||    21
       Morningstar       |       |       |       |    11 |       ||    11
Throw: Boomerang         |     2 |     8 |    14 |    49 |       ||    73
       Dart              |       |     6 |     2 |     5 |       ||    13
       Javelin           |       |     3 |     4 |    32 |       ||    39
       Throwing net      |       |       |     3 |     2 |       ||     5
       Large rock        |       |       |       |     2 |       ||     2
Invok: Heroism           |       |       |     1 |    17 |       ||    18
       Finesse           |       |       |       |     1 |       ||     1
Evoke: Wand              |       |       |     1 |     8 |       ||     9
       Piece from Xom's  |       |       |       |     1 |       ||     1
  Use: Scroll            |       |     5 |     6 |     5 |     2 ||    18
       Potion            |       |       |     2 |     3 |       ||     5
 Stab: Held in net/web   |       |       |     1 |     1 |       ||     2
Armor: Robe              |    34 |    66 |    17 |       |       ||   117
       Acid dragon scale |       |       |    32 |   153 |     4 ||   189
       Steam dragon scal |       |       |     6 |       |       ||     6
       Skin              |       |       |       |     6 |       ||     6
Dodge: Dodged            |    25 |    47 |    45 |   108 |     6 ||   231
Block: Kite shield       |    70 |    73 |   155 |   324 |    11 ||   633
       Reflection        |       |       |    13 |    42 |       ||    55

Levels and vault maps discovered:
D:1:      minmay_arrival_widening_spiral_wide, layout_rooms,
          ebering_ecumenical_altar_abandoned, serial_bayou_pond_e,
          corner_web_ring
D:2:      layout_rooms, kennysheep_big_empty_room
D:3:      layout_basic, grunt_temple_overflow_holy_war,
          nicolae_overflow_crystal_walls, jmf_multi_god_temple,
          chequers_arboretum, minmay_misc_feat_five, interstate_on_off,
          chequers_avenue, uniq_grinder
D:4:      layout_loops_cross, amcnicky_altar_gilded,
          chequers_serial_rivers_marsh, uniq_robin
D:5:      layout_basic, lemuel_crystal_altar, minmay_temple_entry_hall,
          ebering_dispersal_statue_hall, minivault_23
D:6:      layout_basic
D:7:      cheibrodos_steamvent, layout_rooms, uniq_maggie, uniq_harold
D:8:      layout_rooms, uniq_prince_ribbit1
D:9:      layout_loops_corners, david_orc_4, enter_bailey_7,
          minmay_statue_bubble, uniq_maurice, uniq_grum
D:10:     layout_cave_pools, lemuel_round_altar, serial_rivers,
          chequers_serial_rivers_small_3, chequers_serial_rivers_micro_d,
          chequers_serial_rivers_room_a, chequers_serial_rivers_marsh,
          chequers_serial_rivers_large_a, uniq_gastronok
D:11:     layout_loops_cross, lair_entry_dummy
D:12:     layout_gridville
D:13:     minmay_shrinking_squares, layout_basic, david_vaults_2, uniq_josephine
D:14:     layout_roguey, tso_altar, serial_curves, eino_curves_04,
          eino_curves_01

Notes
Turn   | Place    | Note
-------+----------+-------------------------------------------
     0 | D:1      | agentchuck the Troll Fighter began the quest for the Orb.
     0 | D:1      | Reached XP level 1. HP: 22/22 MP: 0/0
   149 | D:1      | Reached XP level 2. HP: 29/29 MP: 1/1
   194 | D:1      | Found a faded altar of an unknown god.
   279 | D:1      | Reached XP level 3. HP: 36/36 MP: 2/2
   441 | D:1      | Reached skill level 3 in Unarmed Combat
   919 | D:2      | Reached XP level 4. HP: 39/44 MP: 3/3
   940 | D:2      | Reached skill level 3 in Shields
   953 | D:2      | Reached skill level 3 in Fighting
  1278 | D:3      | Found an ancient bone altar of Kikubaaqudgha.
  1394 | D:3      | Noticed Grinder
  1506 | D:3      | Found a white marble altar of Elyvilon.
  1519 | D:3      | Found an iron altar of Okawaru.
  1579 | D:3      | Became a worshipper of Warmaster Okawaru
  1703 | D:3      | Found a glowing golden altar of the Shining One.
  1708 | D:3      | Found a basalt altar of Yredelemnul.
  1710 | D:3      | Noticed a profane servitor
  1718 | D:3      | Noticed an angel
  2066 | D:4      | Found an ornate altar of the Wu Jian Council.
  2100 | D:4      | Reached skill level 4 in Unarmed Combat
  2100 | D:4      | Reached XP level 5. HP: 50/53 MP: 4/4
  2152 | D:4      | Noticed an ogre
  2329 | D:4      | Noticed Robin
  2342 | D:4      | Killed Robin
  2464 | D:4      | Killed an ogre
  2465 | D:4      | Reached XP level 6. HP: 56/61 MP: 5/5
  2725 | D:5      | Entered Level 5 of the Dungeon
  2768 | D:5      | Reached skill level 5 in Unarmed Combat
  2800 | D:5      | Found a snail-covered altar of Cheibriados.
  2814 | D:5      | Reached * piety under Okawaru
  2861 | D:5      | Reached XP level 7. HP: 68/68 MP: 6/6
  2975 | D:5      | Reached skill level 4 in Fighting
  2975 | D:5      | Reached skill level 4 in Shields
  3013 | D:5      | Found a staircase to the Ecumenical Temple.
  3074 | D:5      | Reached skill level 6 in Unarmed Combat
  3074 | D:5      | Reached skill level 1 in Invocations
  4436 | D:6      | Reached ** piety under Okawaru
  4437 | D:6      | Reached skill level 2 in Invocations
  4437 | D:6      | Reached XP level 8. HP: 79/79 MP: 8/8
  4627 | D:7      | Reached skill level 7 in Unarmed Combat
  4687 | D:7      | Noticed Harold
  4701 | D:7      | Killed Harold
  4702 | D:7      | Reached skill level 5 in Fighting
  4702 | D:7      | Reached skill level 5 in Shields
  4702 | D:7      | Reached skill level 8 in Unarmed Combat
  4702 | D:7      | Reached skill level 3 in Invocations
  4702 | D:7      | Reached XP level 9. HP: 77/88 MP: 1/10
  4790 | D:7      | Reached *** piety under Okawaru
  4871 | D:7      | Noticed Maggie
  4888 | D:7      | Killed Maggie
  5026 | D:7      | Reached skill level 4 in Invocations
  5171 | D:7      | Reached skill level 9 in Unarmed Combat
  5376 | D:8      | Noticed Prince Ribbit
  5511 | D:8      | Paralysed by a hornet for 3 turns
  5675 | D:8      | Reached skill level 1 in Armour
  5687 | D:8      | Identified a +1 robe of the Archmagi
  5699 | D:8      | Reached skill level 1 in Evocations
  5711 | D:8      | Killed Prince Ribbit
  5711 | D:8      | Reached **** piety under Okawaru
  5738 | D:8      | Reached skill level 6 in Fighting
  6161 | D:9      | Noticed Grum
  6175 | D:9      | Killed Grum
  6176 | D:9      | Reached XP level 10. HP: 84/98 MP: 12/12
  6193 | D:9      | Reached skill level 2 in Armour
  6266 | D:9      | Found a flagged portal.
  6288 | Bailey   | Entered a bailey
  6310 | Bailey   | Noticed an orc knight
  6314 | Bailey   | Noticed an orc knight
  6329 | Bailey   | Killed an orc knight
  6329 | Bailey   | Reached ***** piety under Okawaru
  6330 | Bailey   | Reached skill level 10 in Unarmed Combat
  6330 | Bailey   | Reached skill level 2 in Evocations
  6373 | Bailey   | Noticed an orc knight
  6388 | Bailey   | Killed an orc knight
  6640 | Bailey   | Killed an orc knight
  6756 | D:9      | Reached skill level 3 in Armour
  6837 | D:9      | Reached skill level 3 in Evocations
  6892 | D:9      | Noticed Maurice
  6900 | D:9      | Killed Maurice
  6901 | D:9      | Reached skill level 11 in Unarmed Combat
  7025 | D:9      | Received a gift from Okawaru
  7056 | D:9      | Noticed an obsidian statue
  7389 | D:9      | Found a staircase to the Orcish Mines.
  7399 | D:9      | Reached skill level 7 in Fighting
  7399 | D:9      | Reached XP level 11. HP: 109/109 MP: 13/13
  7620 | D:10     | Entered Level 10 of the Dungeon
  7657 | D:10     | Noticed Gastronok
  7698 | D:10     | Killed Gastronok
  7698 | D:10     | Reached ****** piety under Okawaru
  7699 | D:10     | Reached skill level 6 in Shields
  7699 | D:10     | Reached skill level 5 in Invocations
  7893 | D:10     | Received a gift from Okawaru
  7923 | D:10     | Found a sparkling altar of Nemelex Xobeh.
  8504 | D:11     | Noticed a four-headed hydra
  8514 | D:11     | Killed a four-headed hydra
  8516 | D:11     | Noticed a soul eater
  8741 | D:11     | Noticed a five-headed hydra
  8744 | D:11     | Reached skill level 12 in Unarmed Combat
  8788 | D:11     | Killed a five-headed hydra
  8870 | D:11     | Noticed a two-headed ogre
  8888 | D:11     | Killed a two-headed ogre
  9262 | D:11     | Noticed a two-headed ogre
  9275 | D:11     | Killed a two-headed ogre
  9276 | D:11     | Reached skill level 6 in Invocations
  9517 | D:11     | Found a staircase to the Lair.
  9590 | D:12     | Noticed a two-headed ogre
  9593 | D:12     | Killed a two-headed ogre
  9594 | D:12     | Reached skill level 8 in Fighting
  9594 | D:12     | Reached skill level 4 in Armour
  9594 | D:12     | Reached XP level 12. HP: 119/119 MP: 12/15
  9701 | D:12     | Identified the ring "Ymaifrim" {rN+ EV+4 Str+5}
  9741 | D:12     | Noticed a two-headed ogre
  9754 | D:12     | Killed a two-headed ogre
  9801 | D:12     | Received a gift from Okawaru
 10024 | D:12     | Noticed a centaur warrior
 10029 | D:12     | Killed a centaur warrior
 10126 | D:12     | Reached skill level 13 in Unarmed Combat
 10407 | D:13     | Noticed a two-headed ogre
 10413 | D:13     | Killed a two-headed ogre
 10461 | D:13     | Noticed an eight-headed hydra
 10461 | D:13     | Noticed an ogre mage
 10482 | D:13     | Killed an eight-headed hydra
 10585 | D:13     | Noticed a yaktaur captain
 10590 | D:13     | Noticed a deep elf high priest
 10591 | D:13     | Reached skill level 1 in Throwing
 10591 | D:13     | Reached skill level 5 in Armour
 10591 | D:13     | Reached skill level 7 in Invocations
 10598 | D:13     | Killed a deep elf high priest
 10598 | D:13     | Received a gift from Okawaru
 10599 | D:13     | Killed an ogre mage
 10603 | D:13     | Killed a yaktaur captain
 10603 | D:13     | Received a gift from Okawaru
 10604 | D:13     | Reached skill level 2 in Throwing
 10664 | D:13     | Noticed Josephine
 10829 | D:12     | Killed Josephine
 10860 | D:13     | Noticed a boulder beetle
 10957 | D:13     | Killed a boulder beetle
 11067 | D:13     | Paralysed by a floating eye for 4 turns
 11072 | D:13     | Found a gate to the Vaults.
 11126 | D:13     | Reached skill level 9 in Fighting
 11126 | D:13     | Reached skill level 3 in Throwing
 11126 | D:13     | Reached XP level 13. HP: 110/131 MP: 17/17
 11574 | D:14     | Reached skill level 14 in Unarmed Combat
 11574 | D:14     | Upgraded the game from 0.27-a0-1301-g128193abf8 to
                  | 0.28-a0-1236-gb25a51b929
 11574 | D:14     | Quit the game

Vanquished Creatures
  Gastronok (D:10)
  A yaktaur captain (D:13)
  A deep elf high priest (D:13)
  Josephine (D:12)
  3 hydras
  Harold (D:7)
  A boulder beetle (D:13)
  An ogre mage (D:13)
  2 centaur warriors
  5 two-headed ogres
  3 orc knights (Bailey)
  A harpy (shapeshifter) (D:13)
  A cyclops (D:13)
  2 deep elf pyromancers (D:13)
  2 manticores (D:12)
  Maurice (D:9)
  3 gargoyles
  A guardian serpent (shapeshifter) (D:13)
  Maggie (D:7)
  An unseen horror (D:11)
  2 kobold demonologists (D:11)
  An efreet (D:13)
  A tengu conjurer (D:13)
  A troll (D:9)
  Prince Ribbit (D:8)
  A hornet (D:8)
  A vampire (D:10)
  A shadow (D:12)
  A wyvern (D:7)
  6 yaks (D:9)
  4 wraiths
  Grum (D:9)
  3 vampire mosquitoes (D:12)
  4 steam dragons
  A floating eye (shapeshifter) (D:13)
  10 orc warriors
  An ice beast (D:6)
  A black bear (D:5)
  10 centaurs
  3 ogres
  4 wolves (D:9)
  5 kobold brigands
  A wyvern zombie (D:7)
  A bullfrog (D:8)
  A scorpion (D:6)
  A wyvern skeleton (D:7)
  3 killer bees (D:10)
  13 wights
  A bullfrog zombie (D:6)
  3 centaur zombies
  A jelly (D:4)
  A hound (D:4)
  6 orc priests
  A bullfrog skeleton (D:6)
  2 iguanas
  A gnoll shaman (D:5)
  12 orc wizards
  2 killer bee zombies (D:8)
  Robin (D:4)
  A howler monkey zombie (D:9)
  14 gnolls
  7 adders
  2 shadow imps
  A white imp (D:7)
  2 dart slugs
  37 orcs
  8 bats
  7 endoplasms
  3 giant cockroaches
  16 goblins
  11 hobgoblins
  2 jackals (D:1)
  2 quokkas
  4 ball pythons
  3 frilled lizards (D:1)
  38 kobolds
  2 rats (D:1)
307 creatures vanquished.

Vanquished Creatures (others)
  2 orcs
2 creatures vanquished.

Grand Total: 309 creatures vanquished

Table legend: (Time is in decaauts)
 A = Elapsed time spent in this place.
 B = Non-inter-level travel time spent in this place.
 C = Inter-level travel time spent in this place.
 D = Time resting spent in this place.
 E = Time spent auto-exploring this place.
 F = Levels seen in this place.
 G = Mean time per level.
                   A        B        C        D        E       F      G
               +--------+--------+--------+--------+--------+-----+--------+
         Total |  11632 |  11040 |    592 |   1296 |   5574 |  15 |  775.5 |
       Dungeon |  11195 |  10603 |    592 |   1286 |   5574 |  14 |  799.6 |
        Bailey |    437 |    437 |      0 |     10 |      0 |   1 |  437.0 |
               +--------+--------+--------+--------+--------+-----+--------+

Top non-repeatable levels by time:
     D:9: 1232 daAuts
    D:11: 1063 daAuts
    D:10: 930 daAuts
    D:13: 919 daAuts
     D:5: 903 daAuts
     D:6: 886 daAuts
     D:7: 874 daAuts
    D:12: 835 daAuts
     D:3: 778 daAuts
     D:4: 718 daAuts
     D:1: 695 daAuts
     D:8: 680 daAuts
     D:2: 575 daAuts
  Bailey: 437 daAuts
    D:14: 101 daAuts

Table legend:
 A = Non-vault XP
 B = Vault XP
 C = Vault XP percentage of total XP
 D = Non-vault monster count
 E = Vault monster count
 F = Vault count percentage of total count
                 A         B        C        D         E       F
            +---------+---------+-------+---------+---------+-------
      Total |   24067 |   15718 |  39.5 |     218 |      90 |  29.2
            +---------+---------+-------+---------+---------+-------
        D:1 |      62 |       0 |   0.0 |      29 |       0 |   0.0
        D:2 |      74 |       0 |   0.0 |      11 |       0 |   0.0
        D:3 |      47 |       5 |   9.6 |      12 |       2 |  14.3
        D:4 |     253 |      31 |  10.9 |      11 |      10 |  47.6
        D:5 |     645 |       0 |   0.0 |      13 |       0 |   0.0
        D:6 |     459 |       0 |   0.0 |      14 |       0 |   0.0
        D:7 |     645 |    1943 |  75.1 |      14 |       5 |  26.3
        D:8 |     808 |     283 |  25.9 |      18 |       1 |   5.3
        D:9 |    2431 |    1877 |  43.6 |      26 |      26 |  50.0
       D:10 |    1219 |    2120 |  63.5 |      25 |       1 |   3.8
       D:11 |    6371 |       0 |   0.0 |      23 |       0 |   0.0
       D:12 |    5714 |    1189 |  17.2 |      14 |       2 |  12.5
       D:13 |    4398 |    6231 |  58.6 |       7 |      11 |  61.1
       D:14 |     941 |       0 |   0.0 |       1 |       0 |   0.0
     Bailey |       0 |    2039 | 100.0 |       0 |      32 | 100.0
            +---------+---------+-------+---------+---------+-------
